 Dungeon Crawl Stone Soup version 0.22-a0-605-g9281fa2 (webtiles) character file.

293912 Amnesiac the Eclecticist (level 20, -2/129 HPs)
             Began as a Spriggan Earth Elementalist on July 9, 2018.
             Was the Champion of Dithmenos.
             Slain by a tentacled monstrosity (8 damage)
             ... on level 5 of the Depths.
             The game lasted 02:16:22 (43149 turns).

Amnesiac the Eclecticist (SpEE)                    Turns: 43149, Time: 02:16:23

Health: -2/129     AC: 12    Str:  7    XL:     20   Next: 65%
Magic:  34/43      EV: 31    Int: 30    God:    Dithmenos [******]
Gold:   1735       SH: 11    Dex: 19    Spells: 0/55 levels left

rFire    + + .     SeeInvis +   a - +4 quick blade (elec)
rCold    + . .     Gourm    .   H - +3 buckler of the Republic {rF+ Int+4 Dex+3}
rNeg     + . .     Faith    .   K - +2 robe {rN+}
rPois    +         Spirit   .   y - +2 hat {MR+}
rElec    +         Reflect  .   J - scarf {rC+ rF+}
rCorr    .         Harm     .   (gloves unavailable)
MR       ++++.     NoTele   +   (boots unavailable)
Stlth    +++.......             o - amulet of Vitality {Regen+ HP+15}
HPRegen  0.71/turn              P - +6 ring of protection
MPRegen  0.28/turn              M - ring of the Hidden Orbs {-Tele rElec rPois Str+3 SInv}

@: contaminated, glowing, constricted, studying Translocations, very quick
A: very small, unfitting armour, see invisible, herbivore, speed 3, slow
metabolism 2
a: Shadow Step, Shadow Form, Renounce Religion


You were on level 5 of the Depths.
You worshipped Dithmenos.
Dithmenos was exalted by your worship.
You were completely stuffed.

You visited 4 branches of the dungeon, and saw 25 of its levels.
You also visited: Sewer and Ice Cave.

You collected 4075 gold pieces.
You spent 2340 gold pieces at shops.

Inventory:

Hand Weapons
 a - a +4 quick blade of electrocution (weapon)
 b - a +3 blowgun
Missiles
 f - 818 stones (quivered)
 I - 973 arrows
Armour
 y - a +2 hat of magic resistance (worn)
 H - the +3 buckler of the Republic (worn) {rF+ Int+4 Dex+3}
   (You found it on level 13 of the Dungeon)

   It affects your intelligence (+4).
   It affects your dexterity (+3).
   It protects you from fire.
 J - a scarf of resistance (worn)
 K - a +2 robe of positive energy (worn)
Jewellery
 l - the ring "Kytaaso" {rF++ rN+}
   (You acquired it on level 3 of the Elven Halls)

   [ring of positive energy]

   It greatly protects you from fire.
   It protects you from negative energy.
 o - the amulet of Vitality (around neck) {Regen+ HP+15}
   (You bought it in a shop on level 1 of the Depths)

   [amulet of regeneration]

   It affects your health (+15).
   It increases your rate of regeneration.
 r - an uncursed ring of flight
 M - the ring of the Hidden Orbs (right hand) {-Tele rElec rPois Str+3 SInv}
   (You took it off a deep elf elementalist on level 3 of the Elven Halls)

   [ring of see invisible]

   It affects your strength (+3).
   It insulates you from electricity.
   It protects you from poison.
   It lets you see invisible.
   It prevents most forms of teleportation.
 O - an uncursed ring of magical power
 P - a +6 ring of protection (left hand)
Wands
 c - a wand of digging (23)
 z - a wand of enslavement (10)
 G - a wand of iceblast (42)
Scrolls
 e - 5 scrolls of remove curse {!r}
 i - 4 scrolls of fear {!r}
 m - 5 scrolls of teleportation {!r}
 n - 3 scrolls of blinking {!r}
 q - a scroll of enchant weapon {!r}
 t - 4 scrolls of magic mapping {!r}
 v - 3 scrolls of enchant armour {!r}
 x - 6 scrolls of fog {!r}
 A - a scroll of acquirement {!r}
 B - 5 scrolls of identify {!r}
 C - 2 scrolls of vulnerability {!r}
 N - a scroll of summoning {!r}
Potions
 g - a potion of magic {!q}
 h - 2 potions of might {!q}
 j - 3 potions of berserk rage {!q}
 p - 3 potions of invisibility {!q}
 u - 8 potions of curing {!q}
 w - 5 potions of agility {!q}
 D - 2 potions of mutation {!q}
 F - 7 potions of brilliance {!q}
Books
 W - a manual of Translocations
Miscellaneous
 k - a sack of spiders
 E - a fan of gales
 L - a crystal ball of energy
 R - a phial of floods
 S - 5 boxes of beasts
 T - a lightning rod (4/4)
 U - a lamp of fire
 V - 2 phantom mirrors
Comestibles
 d - 26 rations


   Skills:
 * Level 16.1 Fighting
 - Level 10.0 Short Blades
 - Level 18.0 Dodging
 - Level 18.0 Stealth
 - Level 7.2 Shields
 - Level 18.0 Spellcasting
 - Level 4.0 Hexes
 - Level 8.0 Charms
 - Level 10.0 Transmutations
 - Level 4.0 Air Magic
 - Level 10.0 Earth Magic
 + Level 11.9 Invocations
 - Level 8.0 Evocations


You couldn't memorise any spells.
You knew the following spells:

 Your Spells              Type           Power        Failure   Level  Hunger
a - Stone Arrow           Conj/Erth      ######       1%          3    None
b - Passwall              Tmut/Erth      ######..     1%          2    None
c - Sandblast             Erth           ######       1%          1    None
d - Lee's Rapid Deconstr  Erth           ######....   1%          5    None
e - Petrify               Tmut/Erth      ######..     1%          4    None
f - Yara's Violent Unrav  Hex/Tmut       ######....   2%          5    None
g - Silence               Hex/Air        ######....   9%          5    None
h - Mephitic Cloud        Conj/Pois/Air  #####...     2%          3    None
i - Statue Form           Tmut/Erth      ######...    3%          6    #......
j - Sticks to Snakes      Tmut           ######..     1%          2    None
q - Ozocubu's Armour      Chrm/Ice       ######..     1%          3    None
s - Conjure Flame         Conj/Fire      ####....     4%          3    None
v - Blink                 Tloc           N/A          2%          2    None
w - Irradiate             Conj/Tmut      ######....   5%          5    None
z - Deflect Missiles      Chrm/Air       ######....   21%         6    #......

Your spell library contained the following spells:

 Spells                   Type           Power        Failure   Level  Hunger
 Cause Fear               Hex            ######....   3%          4    None
 Magic Dart               Conj           ####         1%          1    None
 Bolt of Fire             Conj/Fire      ####......   93%         6    #......
 Lightning Bolt           Conj/Air       #####.....   19%         5    None
 Bolt of Magma            Conj/Fire/Erth #####.....   11%         5    None
 Slow                     Hex            ######..     1%          2    None
 Confuse                  Hex            ######..     1%          3    None
 Ring of Flames           Chrm/Fire      ######....   94%         7    ####...
 Iskenderun's Mystic Bla  Conj           ####....     16%         4    None
 Animate Skeleton         Necr           N/A          1%          1    None
 Vampiric Draining        Necr           ####......   4%          3    None
 Sticky Flame             Conj/Fire      ####....     16%         4    None
 Call Imp                 Summ           ####....     2%          2    None
 Sting                    Conj/Pois      ####         1%          1    None
 Tukima's Dance           Hex            ######..     1%          3    None
 Shock                    Conj/Air       ####         1%          1    None
 Swiftness                Chrm/Air       ######..     1%          2    None
 Recall                   Summ/Tloc      N/A          4%          3    None
 Spider Form              Tmut/Pois      ######....   1%          3    None
 Blade Hands              Tmut           ######....   1%          5    None
 Ice Form                 Ice/Tmut       ######..     1%          4    None
 Dragon Form              Tmut           ######....   22%         7    ####...
 Airstrike                Air            ######....   3%          4    None
 Flame Tongue             Conj/Fire      ####.        1%          1    None
 Ignite Poison            Fire/Tmut/Pois #####...     1%          3    None
 Ensorcelled Hibernation  Hex/Ice        #####.       1%          2    None
 Metabolic Englaciation   Hex/Ice        #####.....   19%         5    None
 Static Discharge         Conj/Air       #####...     1%          3    None
 Corona                   Hex            ######.      1%          1    None
 Alistair's Intoxication  Tmut/Pois      ######..     5%          5    None
 Conjure Ball Lightning   Conj/Air       #####.....   71%         6    #......
 Malign Gateway           Summ/Tloc      ####......   100%        7    ####...
 Aura of Abjuration       Summ           ####......   38%         5    None
 Beastly Appendage        Tmut           ######       1%          1    None
 Fulminant Prism          Conj/Hex       #####.....   7%          4    None
 Dazzling Spray           Conj/Hex       #####.       1%          3    None
 Force Lance              Conj/Tloc      ####....     16%         4    None
 Infusion                 Chrm           ####         1%          1    None
 Searing Ray              Conj           ####..       2%          2    None
 Discord                  Hex            ######....   100%        8    ######.
 Summon Guardian Golem    Hex/Summ       #####...     1%          3    None
 Dragon's Call            Summ           ####......   100%        9    #######
 Hydra Form               Tmut           ######....   3%          6    #......
 Gell's Gravitas          Tloc           ####......   4%          3    None
 Poisonous Vapours        Pois/Air       #####.       1%          2    None


Dungeon Overview and Level Annotations

Branches:
Dungeon (15/15)            Temple (0/1) D:7            Lair (0/6) D:8
    Orc (2/2) D:11            Elf (3/3) Orc:2        Vaults (0/5) D:14
 Depths (5/5) D:15
    Zot: Depths:5

Altars:
Dithmenos
Elyvilon
Gozag
Makhleb
Qazlal
Xom
Yredelemnul
The Shining One
Beogh

Shops:
D:12 *   Orc:2 :(*[(   Depths:1 =}=

Portals:
Hell: Depths:1 Depths:2 Depths:3 Depths:4
Abyss: Depths:4
Pandemonium: Depths:2 Depths:3
Ziggurat: Depths:4

Annotations:
D:8 sking99's ghost, novice DrTm
D:15 2 runed doors, Thaneod's ghost, journeyman DEAE


Innate Abilities, Weirdness & Mutations

You are very small and have problems with some larger weapons.
You are too small for most types of armour.
You have supernaturally acute eyesight. (SInv)
You are a herbivore.
You cover ground extremely quickly.
You need to consume almost no food.


Message History

HP restored.
You start resting.
Magic restored.
You start resting.
Magic restored.
You climb downwards.
The yaktaur captain wields an arbalest.
The yaktaur captain shoots a bolt.
The bolt hits you.
The stone giant throws a large rock.
The large rock completely misses you.
The yaktaur wields an arbalest.
The yaktaur shoots a bolt.
You block the bolt.
The stone giant throws a large rock.
You block the large rock.
There is a stone staircase leading up here.
Things that are here:
a large rock; 2 bolts
Casting: Irradiate (safe; 5% risk of failure)
Confirm with . or Enter, or press ? or * to list all spells.
You erupt in a fountain of uncontrolled magic!
The tentacled monstrosity is blasted with magical radiation!
The tentacled monstrosity is lightly wounded.
The tentacled monstrosity twists and deforms.
The vampire mage is blasted with magical radiation!
The vampire mage is heavily damaged.
You are lightly contaminated with residual magic.
The vampire mage completely misses you.
The vampire mage bites you but does no damage.
You block the tentacled monstrosity's attack.
The tentacled monstrosity tentacle-slaps you but does no damage.
The tentacled monstrosity closely misses you.
The tentacled monstrosity grabs you.
The tentacled monstrosity constricts you!
Casting: Irradiate (safe; 5% risk of failure)
Confirm with . or Enter, or press ? or * to list all spells.
You erupt in a fountain of uncontrolled magic!
The tentacled monstrosity is blasted with magical radiation!
The tentacled monstrosity is moderately wounded.
The tentacled monstrosity twists and deforms.
The vampire mage is blasted with magical radiation!
You destroy the vampire mage!
Dithmenos accepts your kill.
The deep troll is blasted with magical radiation!
The deep troll is heavily wounded.
The deep troll twists and deforms.
You are contaminated with residual magic.
The tentacled monstrosity barely misses you.
You block the tentacled monstrosity's attack.
The tentacled monstrosity barely misses you.
The tentacled monstrosity constricts you!
The yaktaur captain shoots a bolt.
The bolt hits you!!!
You emit a cloud of dark smoke.
A floating eye comes into view.
The deep troll bites you but does no damage.
You block the deep troll's attack. The deep troll closely misses you.
The stone giant throws a large rock.
The large rock hits you!!!
* * * LOW HITPOINT WARNING * * *
You emit a cloud of dark smoke.
The frost giant points at you and mumbles some strange words.
The bolt of cold hits you! You resist.
* * * LOW HITPOINT WARNING * * *
You emit a cloud of dark smoke.
The floating eye moves out of view.
The tentacled monstrosity's grasp on you weakens, but your attempt to escape fails.
The tentacled monstrosity closely misses you.
The tentacled monstrosity tentacle-slaps you.
* * * LOW HITPOINT WARNING * * *
The tentacled monstrosity misses you.
You die...

.. .#.##
###.##...#
..........#
..........## #
.........?.##.#
......§§§§§...
..c...§X§§§#
......§§@§##
.G....CT§§§##
##..T§c§§§.##
#.....C....#
#......<..##
#<........#
#.###....## ##
##.### ###


You could see a tentacled monstrosity, a stone giant, a deep troll and a
yaktaur.

Vanquished Creatures
  A juggernaut (Depths:4)
  Boris (Depths:4)
  Margery (Depths:4)
  Xtahua (Depths:4)
  2 caustic shrikes
  3 golden dragons (Depths:4)
  2 liches
  A tentacled monstrosity (Depths:4)
  Asterion (Depths:3)
  3 quicksilver dragons
  2 deep elf master archers (Elf:3)
  3 deep elf blademasters
  A titan (Depths:4)
  Agnes (D:14)
  Gastronok (D:11)
  4 sphinxes
  3 shadow dragons (Depths:4)
  A storm dragon (Depths:4)
  3 tengu reavers
  6 fire giants
  3 iron dragons (Depths:4)
  A deep elf sorcerer (Elf:3)
  An orc warlord (Depths:4)
  A balrug (Depths:2)
  6 deep elf elementalists (Elf:3)
  4 frost giants
  A spriggan defender (Depths:2)
  12 stone giants
  A vampire knight (Depths:4)
  12 very ugly things
  6 deep elf demonologists (Elf:3)
  2 spark wasps
  10 deep elf annihilators
  8 ettins
  A merfolk impaler (Depths:4)
  9 deep elf death magi
  11 fire dragons
  9 yaktaur captains
  2 great orbs of eyes (Depths:1)
  9 ogre magi
  6 deep elf high priests
  Fannar (D:10)
  2 rakshasas
  10 ice dragons
  8 vault guards
  11 hydras
  2 spriggan air magi
  7 centaur warriors
  A death knight (D:15)
  27 two-headed ogres
  2 vampire magi
  10 tengu warriors
  8 deep troll shamans
  25 dancing weapons
  An orc high priest (Orc:2)
  11 deep troll earth magi
  Urug (Orc:1)
  19 deep elf knights
  2 spriggan berserkers (Depths:3)
  Nergalle (D:10)
  6 hell knights (Depths:4)
  A skeletal warrior (D:15)
  8 iron trolls
  A death drake (shapeshifter) (Depths:1)
  5 glowing orange brains
  5 unseen horrors
  7 deep elf archers
  An unseen horror (shapeshifter) (Elf:1)
  25 deep trolls
  3 flayed ghosts
  5 orc knights
  An orb spider (shapeshifter) (Depths:2)
  2 wizards
  A harpy (Elf:3)
  Pikel (D:5)
  4 orc sorcerers (Orc:2)
  21 ugly things
  48 deep elf magi
  4 manticores (Elf:3)
  2 cyclopes
  A cyclops (shapeshifter) (Depths:4)
  3 ice statues (IceCv)
  A guardian serpent (shapeshifter) (Depths:3)
  4 centaur zombies
  Joseph (D:7)
  2 gargoyles
  An orange demon (Depths:2)
  A spiny frog (shapeshifter) (D:15)
  3 centaur skeletons
  23 yaktaurs
  2 freezing wraiths (D:15)
  2 kobold demonologists (D:15)
  A yaktaur (shapeshifter) (Depths:1)
  A komodo dragon (shapeshifter) (Depths:3)
  A queen bee (shapeshifter) (Depths:2)
  A queen bee (Depths:4)
  3 trolls
  9 tengu conjurers
  2 hornets (D:14)
  18 slime creatures
  4 hippogriffs
  An air elemental (Elf:2)
  2 shadows (D:11)
  10 water elementals
  A yak (shapeshifter) (Depths:1)
  Sigmund (D:6)
  5 fire elementals
  A wyvern (D:15)
  2 basilisks
  19 yaks
  2 wraiths
  3 chaos spawn (Depths:2)
  2 hungry ghosts
  4 vampire mosquitoes (D:12)
  2 wargs (Orc:1)
  Menkaure (D:4)
  2 soldier ants (D:14)
  5 hell hounds (Elf:3)
  3 porcupines (D:8)
  4 slaves
  3 black bears
  5 sky beasts
  23 orc warriors
  A black bear (shapeshifter) (D:13)
  An eye of draining (D:12)
  7 ice beasts
  A necrophage (D:9)
  23 ogres
  A wolf (D:8)
  28 centaurs
  6 crocodiles
  4 big kobolds
  An earth elemental (Elf:2)
  14 bullfrogs
  A bullfrog (shapeshifter) (Depths:4)
  A wyvern skeleton (D:7)
  2 scorpions
  25 killer bees
  4 wights (D:8)
  3 howler monkeys
  5 crimson imps
  A bullfrog zombie (D:7)
  3 hounds
  2 bullfrog skeletons (D:10)
  2 jellies
  19 orc priests
  30 orc wizards
  3 iguanas
  10 worker ants
  A hound skeleton (D:6)
  A worker ant zombie (D:6)
  A river rat (D:3)
  15 adders
  7 shadow imps
  2 oozes
  8 worms
  A dart slug (D:2)
  6 leopard geckos
  95 orcs
  9 bats
  8 giant cockroaches
  3 goblins
  12 hobgoblins
  8 jackals
  8 kobolds
  5 quokkas
  3 ball pythons
  2 frilled lizards
  A jackal skeleton (D:6)
  2 quokka zombies
  12 rats
1049 creatures vanquished.

Vanquished Creatures (collateral kills)
  A very ugly thing (Depths:2)
  A two-headed ogre (Depths:2)
2 creatures vanquished.

Vanquished Creatures (others)
  A spark wasp (Depths:2)
  A deep elf knight (Elf:1)
  3 deep elf magi (Elf:1)
  A yaktaur (Depths:3)
  A boggart (Depths:3)
  An orc wizard (Orc:2)
  A fungus (D:8)
  5 plants (D:8)
14 creatures vanquished.

Grand Total: 1065 creatures vanquished

Notes
Turn   | Place    | Note
-------+----------+-------------------------------------------
     0 | D:1      | Amnesiac the Spriggan Earth Elementalist began the quest for the Orb.
     0 | D:1      | Reached XP level 1. HP: 9/9 MP: 5/5
   147 | D:2      | Reached XP level 2. HP: 11/14 MP: 4/6
   314 | D:2      | Reached skill level 1 in Fighting
   314 | D:2      | Reached XP level 3. HP: 18/18 MP: 4/8
   323 | D:2      | Learned a level 2 spell: Passwall
   707 | D:3      | Found a glowing drain.
   717 | Sewer    | Entered a sewer
   972 | Sewer    | Noticed a crocodile
  1285 | D:3      | Killed a crocodile
  1285 | D:3      | Reached skill level 5 in Dodging
  1285 | D:3      | Reached XP level 4. HP: 23/23 MP: 0/10
  1285 | D:3      | Reached XP level 5. HP: 26/26 MP: 0/11
  1701 | D:4      | Learned a level 4 spell: Petrify
  1742 | D:4      | Found a shadowy altar of Dithmenos.
  1745 | D:4      | Became a worshipper of Dithmenos the Shadowed
  2528 | D:2      | Reached * piety under Dithmenos
  3274 | D:3      | Reached XP level 6. HP: 24/30 MP: 5/13
  3429 | D:4      | Found a glowing golden altar of the Shining One.
  3479 | D:4      | Noticed Menkaure
  3500 | D:4      | Found a burning altar of Makhleb.
  3500 | D:4      | Found a shimmering altar of Xom.
  3737 | D:5      | Entered Level 5 of the Dungeon
  3945 | D:5      | Noticed a slave
  3945 | D:5      | Noticed a slave
  3945 | D:5      | Noticed a slave
  3950 | D:5      | Noticed a slave
  3961 | D:5      | Noticed Pikel
  3993 | D:4      | Killed a slave
  4008 | D:4      | Killed a slave
  4217 | D:5      | Found a basalt altar of Yredelemnul.
  4330 | D:5      | Reached skill level 1 in Short Blades
  4407 | D:5      | Killed a slave
  4420 | D:5      | Killed Pikel
  4420 | D:5      | Reached skill level 5 in Short Blades
  4420 | D:5      | Reached XP level 7. HP: 32/35 MP: 7/14
  4421 | D:5      | Reached ** piety under Dithmenos
  4601 | D:5      | Learned a level 5 spell: Lee's Rapid Deconstruction
  5011 | D:6      | Reached XP level 8. HP: 37/39 MP: 11/15
  5050 | D:6      | Reached skill level 5 in Stealth
  5170 | D:6      | Found a white marble altar of Elyvilon.
  5347 | D:6      | Noticed Sigmund
  5396 | D:6      | Killed Sigmund
  5565 | D:6      | Reached *** piety under Dithmenos
  5730 | D:4      | Killed Menkaure
  5881 | D:7      | Learned a level 3 spell: Stone Arrow
  6120 | D:7      | Noticed Joseph
  6820 | D:7      | Found a staircase to the Ecumenical Temple.
  7100 | D:7      | Killed Joseph
  7100 | D:7      | Reached skill level 5 in Transmutations
  7100 | D:7      | Reached skill level 5 in Earth Magic
  7100 | D:7      | Reached XP level 9. HP: 31/42 MP: 1/17
  7637 | D:7      | Found a staircase to the Ecumenical Temple.
  7793 | D:8      | Noticed a two-headed ogre
  7794 | D:8      | Killed a two-headed ogre
  7794 | D:8      | Reached skill level 5 in Spellcasting
  7989 | D:8      | Found a staircase to the Lair.
  8237 | D:8      | Found a runed door.
  8289 | D:8      | Reached XP level 10. HP: 13/46 MP: 16/21
  8980 | D:8      | Reached **** piety under Dithmenos
  9258 | D:8      | Noticed sking99's ghost (novice DrTm)
 10191 | D:10     | Entered Level 10 of the Dungeon
 10260 | D:10     | Noticed Fannar
 10477 | D:10     | Noticed Nergalle
 10664 | D:10     | Killed Nergalle
 10861 | D:11     | Noticed a gargoyle
 10876 | D:11     | Killed a gargoyle
 10876 | D:11     | Reached skill level 10 in Spellcasting
 10888 | D:11     | Noticed a two-headed ogre
 10897 | D:11     | Killed a two-headed ogre
 11023 | D:11     | Reached XP level 11. HP: 50/50 MP: 22/27
 11438 | D:10     | Killed Fannar
 11648 | D:11     | Noticed a two-headed ogre
 11670 | D:11     | Killed a two-headed ogre
 12255 | D:11     | Noticed an orc knight
 12256 | D:11     | Found a roughly hewn altar of Beogh.
 12256 | D:11     | Noticed an orc knight
 12262 | D:11     | Found a staircase to the Orcish Mines.
 12266 | D:11     | Killed an orc knight
 12300 | D:11     | Killed an orc knight
 12380 | D:11     | Reached ***** piety under Dithmenos
 12674 | D:12     | Noticed an unseen horror
 12674 | D:12     | Noticed an unseen horror
 12695 | D:12     | Killed an unseen horror
 12838 | D:12     | Noticed a two-headed ogre
 12844 | D:12     | Killed a two-headed ogre
 12893 | D:12     | Reached skill level 15 in Spellcasting
 13159 | D:12     | Found Byiheqeu's Elemental Accessories.
 13232 | D:12     | Reached XP level 12. HP: 54/54 MP: 10/32
 13236 | D:12     | Noticed Gastronok
 14356 | D:11     | Killed Gastronok
 14940 | D:13     | Got an ancient buckler
 14988 | D:13     | Found a frozen archway.
 15005 | D:13     | Found an opulent altar of Gozag.
 15043 | IceCv    | Entered an ice cave
 15191 | IceCv    | Got shimmering ice dragon scales
 15312 | IceCv    | Identified the +3 buckler of the Republic {rF+ Int+4 Dex+3} (You found it on level 13 of the Dungeon)
 15439 | IceCv    | Identified the +1 ice dragon scales of the Secret Deaths {rF- rC++ Slay+2} (You found it in an ice cave)
 15578 | D:13     | Noticed a two-headed ogre
 15584 | D:13     | Killed a two-headed ogre
 15584 | D:13     | Reached skill level 1 in Shields
 15838 | D:13     | Noticed a centaur warrior
 15843 | D:13     | Killed a centaur warrior
 15898 | D:13     | Noticed a centaur warrior
 15907 | D:13     | Killed a centaur warrior
 16277 | D:14     | Noticed a rakshasa
 16287 | D:14     | Reached XP level 13. HP: 58/58 MP: 15/36
 16591 | D:14     | Reached skill level 5 in Shields
 16620 | D:14     | Found a gate to the Vaults.
 18214 | D:15     | Entered Level 15 of the Dungeon
 19101 | D:15     | Found a stormy altar of Qazlal.
 19336 | D:15     | Reached ****** piety under Dithmenos
 19367 | D:15     | Noticed Agnes
 19867 | D:15     | Reached skill level 5 in Fighting
 19871 | D:15     | Reached skill level 10 in Dodging
 19909 | D:15     | Reached XP level 14. HP: 53/68 MP: 20/37
 20022 | D:15     | Learned a level 6 spell: Deflect Missiles
 20028 | D:15     | Learned a level 5 spell: Yara's Violent Unravelling
 20136 | D:15     | Found a large runed door.
 20136 | D:15     | Found a large runed door.
 20848 | D:14     | Killed Agnes
 21106 | D:15     | Found a roughly hewn altar of Beogh.
 21199 | D:15     | Found a staircase to the Depths.
 21309 | D:15     | Noticed Thaneod's ghost (journeyman DEAE)
 21325 | D:15     | Identified the Guide on Glacial Calling
 21462 | Depths:1 | Entered Level 1 of the Depths
 21545 | Depths:1 | Reached skill level 1 in Charms
 21753 | Orc:1    | Entered Level 1 of the Orcish Mines
 21754 | Orc:1    | Noticed Urug
 21768 | Orc:1    | Killed Urug
 21768 | Orc:1    | Reached skill level 1 in Air Magic
 22010 | Orc:1    | Found a roughly hewn altar of Beogh.
 22371 | Orc:2    | Entered Level 2 of the Orcish Mines
 22381 | Orc:2    | Found a staircase to the Elven Halls.
 22457 | Orc:2    | Found Icerud's Weapon Shop.
 22825 | Orc:1    | Reached skill level 5 in Charms
 23152 | Orc:2    | Found Qearaogh's Book Shoppe.
 23152 | Orc:2    | Found Leklogil's Antique Weapon Shoppe.
 23236 | Orc:2    | Found Biadugy's Assorted Antiques.
 23255 | Orc:2    | Found Ofaij's Antique Armour Emporium.
 23493 | Orc:2    | Bought a scroll labeled TUDORA RITS for 28 gold pieces
 23493 | Orc:2    | Bought a jade ring for 140 gold pieces
 23820 | Orc:2    | Bought a book of Minor Magic for 200 gold pieces
 23820 | Orc:2    | Bought a book of Transfigurations for 550 gold pieces
 23826 | Orc:2    | Learned a level 5 spell: Irradiate
 23829 | Orc:2    | Learned a level 2 spell: Blink
 23833 | Orc:2    | Learned a level 3 spell: Mephitic Cloud
 23840 | Orc:2    | Learned a level 6 spell: Statue Form
 23844 | Orc:2    | Learned a level 3 spell: Conjure Flame
 23998 | Elf:1    | Entered Level 1 of the Elven Halls
 24771 | Elf:1    | Identified the Volume of Attacks
 25026 | Elf:2    | Reached XP level 15. HP: 75/75 MP: 38/38
 25308 | Elf:2    | Reached skill level 10 in Short Blades
 25308 | Elf:2    | Reached skill level 10 in Stealth
 25466 | Elf:2    | Reached skill level 1 in Invocations
 26090 | Elf:2    | Reached skill level 5 in Invocations
 26376 | Elf:2    | Found a runed gate.
 26376 | Elf:2    | Found a runed gate.
 26379 | Elf:2    | Found a runed gate.
 27345 | Elf:2    | Identified a scroll of acquirement {!r}
 27485 | Elf:2    | Noticed a deep elf blademaster
 27660 | Elf:2    | Killed a deep elf blademaster
 28017 | Elf:3    | Entered Level 3 of the Elven Halls
 28119 | Elf:3    | Noticed a sphinx
 28119 | Elf:3    | Noticed a sphinx
 28218 | Elf:3    | Killed a sphinx
 28218 | Elf:3    | Reached XP level 16. HP: 42/80 MP: 12/39
 28246 | Elf:3    | Killed a sphinx
 28388 | Elf:3    | Reached skill level 10 in Transmutations
 28388 | Elf:3    | Reached skill level 10 in Earth Magic
 28946 | Elf:3    | Reached skill level 10 in Invocations
 28993 | Elf:3    | Reached skill level 1 in Evocations
 29264 | Elf:3    | Reached skill level 5 in Evocations
 29293 | Elf:3    | Noticed a deep elf blademaster
 29591 | Elf:3    | Killed a deep elf blademaster
 29840 | Elf:3    | Noticed a deep elf master archer
 30052 | Elf:3    | Noticed a deep elf master archer
 30134 | Elf:3    | Killed a deep elf master archer
 30291 | Elf:3    | Killed a deep elf master archer
 30678 | Elf:3    | Got a jewelled quarterstaff {drain}
 30715 | Elf:3    | Got a clouded silver ring
 30723 | Elf:3    | Reached XP level 17. HP: 88/88 MP: 24/40
 30907 | Elf:3    | Noticed a deep elf blademaster
 30912 | Elf:3    | Killed a deep elf blademaster
 30916 | Elf:3    | Reached skill level 10 in Fighting
 31105 | Elf:3    | Got a transparent hunting sling
 31307 | Elf:3    | Identified the ring of the Hidden Orbs {-Tele rElec rPois Str+3 SInv} (You took it off a deep elf elementalist on level 3 of the Elven Halls)
 31312 | Elf:3    | Got a warped jade ring
 31315 | Elf:3    | Identified the ring "Kytaaso" {rF++ rN+} (You acquired it on level 3 of the Elven Halls)
 31456 | D:11     | Learned a level 5 spell: Silence
 31594 | D:15     | Reached skill level 1 in Hexes
 31676 | Depths:1 | Found a gateway to Hell.
 32397 | Depths:1 | Got an ichor-stained short sword
 32403 | Depths:1 | Identified the +6 short sword "Runas" {pierce, rF+ MP+9} (You found it on level 1 of the Depths)
 32411 | Depths:1 | Found Nosaw's Jewellery Shoppe.
 32412 | Depths:1 | Found Labu's Gadget Shop.
 32414 | Depths:1 | Found Syrryx's Jewellery Shoppe.
 32428 | Depths:1 | Bought the amulet of Vitality {Regen+ HP+15} for 1422 gold pieces
 32428 | Depths:1 | Found the amulet of Vitality {Regen+ HP+15}
 34067 | Depths:2 | Reached XP level 18. HP: 100/100 MP: 38/41
 34731 | Depths:2 | Reached skill level 15 in Dodging
 34912 | Depths:2 | Noticed a caustic shrike
 34936 | Depths:2 | Killed a caustic shrike
 35265 | Depths:2 | Found a one-way gate leading to the halls of Pandemonium.
 35953 | Depths:3 | Noticed Asterion
 35969 | Depths:3 | Killed Asterion
 36558 | Depths:3 | Got a faintly glowing dagger {freeze}
 36559 | Depths:3 | Identified the +9 dagger "Houmpiar" {freeze, MR+ Str+4 Dex-3} (You took it off a spriggan air mage on level 3 of the Depths)
 36566 | Depths:3 | Identified Sif Muna's Disquisition on Igneous Darkness
 36573 | Depths:3 | Learned a level 2 spell: Sticks to Snakes
 36650 | Depths:3 | Reached XP level 19. HP: 105/105 MP: 42/42
 36914 | Depths:3 | Got an uncursed encrusted morningstar {flame}
 37319 | Depths:4 | Identified the Incunabulum of Poison
 38958 | Depths:5 | Entered Level 5 of the Depths
 39020 | Depths:4 | Reached skill level 15 in Stealth
 39505 | Depths:4 | Noticed a golden dragon
 39541 | Depths:4 | Killed a golden dragon
 39582 | Depths:4 | Noticed Xtahua
 39696 | Depths:4 | Noticed a golden dragon
 39744 | Depths:4 | Killed a golden dragon
 40005 | Depths:4 | Killed Xtahua
 40012 | Depths:4 | Found a runed door.
 40094 | Depths:4 | Noticed Boris
 40121 | Depths:4 | Noticed a golden dragon
 40134 | Depths:4 | Killed a golden dragon
 40615 | Depths:4 | Noticed Margery
 41224 | Depths:4 | Identified Zemo Foti's Almanac of Twisted Protection
 41229 | Depths:4 | Found a gateway to a ziggurat.
 41230 | Depths:4 | Found a one-way gate to the infinite horrors of the Abyss.
 41230 | Depths:4 | Noticed a caustic shrike
 41385 | Depths:4 | Reached XP level 20. HP: 112/112 MP: 43/43
 41399 | Depths:4 | Learned a level 3 spell: Ozocubu's Armour
 41654 | Depths:4 | Killed a caustic shrike
 41654 | Depths:4 | Reached skill level 15 in Fighting
 41994 | Depths:4 | Noticed a juggernaut
 42024 | Depths:4 | Killed a juggernaut
 42171 | Depths:4 | Killed Boris
 42396 | Depths:4 | Killed Margery
 43149 | Depths:5 | HP: 6/129 [tentacled monstrosity (3)]
 43149 | Depths:5 | Slain by a tentacled monstrosity

Vault maps used:
D:1:      dpeg_arrival_tiny_f, grunt_decor_resistance, minmay_pentomino_w2
D:2:      first_ration
D:3:      portal_sewer_entry_e
D:4:      grunt_temple_overflow_champion_of_chaos, kennysheep_mini_moat,
          lemuel_tele_altar, uniq_menkaure
D:5:      marbit_many_paths, uniq_pikel
D:6:      basic_altar, minmay_stone_trees_medium, uniq_sigmund
D:7:      temple_hall, uniq_joseph
D:8:      minmay_lair_entry_grove, ebering_ghost_reflecting_pool
D:10:     uniq_nergalle, uniq_fannar
D:11:     david_orc_5
D:12:     nicolae_elemental_shop, uniq_gastronok
D:13:     basic_altar, portal_ice_cave_entry_pillars_1
D:14:     erik_vaults_2, hex_medium, hangedman_pestilent_swarm,
          corexii_corridor_pit
D:15:     grunt_enter_depths_hoard, special_room, serial_glass, glass_columns_b,
          glass_columns_c, ebering_ghost_disaster_area, basic_altar, uniq_agnes
Orc:1:    cheibrodos_orc_bank, basic_altar, uniq_urug
Orc:2:    st_orc_mages, serial_shops, nicolae_shop_stone
Elf:1:    serial_glass, glass_columns_a, glass_columns_c,
          minmay_elf_annihilation, lemuel_flame_loot_1
Elf:3:    grunt_elf_hall_asides, special_room
Depths:1: hell_entry, minmay_misc_feat_tower, st_stairs_5,
          hangedman_corner_corridor, grunt_megastairs_3, minmay_shop_grove
Depths:2: minmay_containers, pf_vacation_house_of_asmodeus,
          rand_demon_pan_entry_1, infiniplex_staircase_star
Depths:3: minmay_the_grid_triangle_9x9_rhombus_thin, pan_entry,
          pf_hell_entry_tar_spiral, skrybe_limestone_x, dk_noncrumbling_3,
          eino_tiny_chamber, serial_bayou_shore_b, minmay_staircase_bubble,
          uniq_asterion
Depths:4: box_level_dp, abyss_entry, hell_entry, uniq_boris, uniq_margery,
          uniq_xtahua
Depths:5: grunt_zot_entry_alcove, corexii_corridor_pit, lightli_too_deep
Sewer:    sewer_big_baddie
IceCv:    ice_cave_statue_garden_chambered

Skill      XL: |  1  2  3  4  5  6  7  8  9 10 11 12 13 14 15 16 17 18 19 20 |
---------------+-------------------------------------------------------------+-----
Dodging        | 4 5 6 10 12 13 18 | 18.0
Spellcasting   | 3 4 6 11 15 18 | 18.0
Fighting       | 1 2 5 7 9 13 14 16 | 16.1
Earth Magic    | 4 5 7 8 9 10 | 10.0
Transmutations | 4 5 7 8 9 10 | 10.0
Short Blades   | 5 6 8 9 10 | 10.0
Stealth        | 4 8 9 10 12 18 | 18.0
Shields        | 4 7 |  7.2
Charms         | 8 |  8.0
Air Magic      | 4 |  4.0
Invocations    | 8 10 11 | 11.9
Evocations     | 8 |  8.0
Hexes          | 4 |  4.0

Action                   |  1- 3 |  4- 6 |  7- 9 | 10-12 | 13-15 | 16-18 | 19-21 || total
-------------------------+-------+-------+-------+-------+-------+-------+-------++-------
Melee: Unarmed           |    42 |       |       |       |       |       |       ||    42
       Dagger            |    92 |   170 |   200 |   357 |   699 |       |       ||  1518
       Quick blade       |       |       |       |       |    69 |  1337 |   882 ||  2288
 Cast: Sandblast         |    48 |    54 |    13 |    12 |    11 |       |       ||   138
       Passwall          |       |     7 |    13 |    25 |    16 |    12 |     1 ||    74
       Petrify           |       |     4 |    18 |   160 |   163 |   114 |    70 ||   529
       Stone Arrow       |       |       |       |    31 |   106 |     8 |       ||   145
       Lee's Rapid Decon |       |       |       |    33 |   105 |   100 |    24 ||   262
       Irradiate         |       |       |       |       |    28 |    49 |    53 ||   130
       Deflect Missiles  |       |       |       |       |     1 |     3 |     2 ||     6
       Conjure Flame     |       |       |       |       |       |     1 |       ||     1
       Blink             |       |       |       |       |       |     1 |     3 ||     4
       Yara's Violent Un |       |       |       |       |       |       |     3 ||     3
Invok: Shadow Step       |       |       |       |     1 |     3 |       |     3 ||     7
       Shadow Form       |       |       |       |       |       |     1 |       ||     1
 Abil: Evoke Flight      |       |       |       |       |       |       |     1 ||     1
Evoke: Wand              |       |       |       |       |     1 |     2 |       ||     3
  Use: Scroll            |     2 |     6 |     3 |     7 |    13 |     8 |     1 ||    40
       Potion            |       |       |       |     1 |     7 |     3 |     3 ||    14
 Stab: Sleeping          |     5 |    19 |    20 |    39 |    35 |    10 |    21 ||   149
       Petrified         |       |     9 |    11 |    81 |   124 |    90 |    32 ||   347
       Distracted        |       |       |     1 |     1 |     1 |     9 |     9 ||    21
       Petrifying        |       |       |     5 |    24 |    29 |    72 |    32 ||   162
       Paralysed         |       |       |       |       |     2 |       |       ||     2
       Invisible         |       |       |       |       |       |    36 |       ||    36
  Eat: Ration            |       |     4 |     4 |     6 |     6 |     7 |     5 ||    32
Armor: Robe              |    38 |     7 |     2 |    11 |    25 |    12 |    19 ||   114
Dodge: Dodged            |   258 |   158 |   106 |   225 |   464 |   508 |   490 ||  2209
       Deflected         |       |       |       |       |     6 |    14 |    14 ||    34
Block: Buckler           |       |       |       |    12 |   327 |   319 |   228 ||   886

Table legend:
 A = Spawn XP
 B = Non-spawn XP
 C = Spawn XP percentage of total XP
 D = Spawn monster count
 E = Non-spawn monster count
 F = Spawn count percentage of total count
 G = Total turns spent on level
                    A         B        C        D         E        F      G
               +---------+---------+-------+---------+---------+-------+---------
         Total |       0 |  547281 |   0.0 |       0 |    1053 |   0.0 | 43149
               +---------+---------+-------+---------+---------+-------+---------
           D:1 |       0 |      26 |   0.0 |       0 |      13 |   0.0 |   541
           D:2 |       0 |     120 |   0.0 |       0 |      27 |   0.0 |  1126
           D:3 |       0 |     244 |   0.0 |       0 |      24 |   0.0 |   703
           D:4 |       0 |     229 |   0.0 |       0 |       8 |   0.0 |  1087
           D:5 |       0 |     808 |   0.0 |       0 |      18 |   0.0 |   976
           D:6 |       0 |     993 |   0.0 |       0 |      32 |   0.0 |   834
           D:7 |       0 |     791 |   0.0 |       0 |       8 |   0.0 |  1973
           D:8 |       0 |    3503 |   0.0 |       0 |      33 |   0.0 |  1650
           D:9 |       0 |     438 |   0.0 |       0 |       8 |   0.0 |   872
          D:10 |       0 |    2731 |   0.0 |       0 |      16 |   0.0 |   712
          D:11 |       0 |    8748 |   0.0 |       0 |      51 |   0.0 |  2929
          D:12 |       0 |    7241 |   0.0 |       0 |      37 |   0.0 |  1265
          D:13 |       0 |    8691 |   0.0 |       0 |      36 |   0.0 |  1369
          D:14 |       0 |   17902 |   0.0 |       0 |      37 |   0.0 |  3010
          D:15 |       0 |   25088 |   0.0 |       0 |      70 |   0.0 |  2496
         Orc:1 |       0 |    4824 |   0.0 |       0 |      53 |   0.0 |  1228
         Orc:2 |       0 |    5232 |   0.0 |       0 |      54 |   0.0 |  1142
         Elf:1 |       0 |   13603 |   0.0 |       0 |      24 |   0.0 |  2275
         Elf:2 |       0 |   40691 |   0.0 |       0 |      59 |   0.0 |  2474
         Elf:3 |       0 |   84204 |   0.0 |       0 |      82 |   0.0 |  3184
      Depths:1 |       0 |   53302 |   0.0 |       0 |      80 |   0.0 |  2641
      Depths:2 |       0 |   62516 |   0.0 |       0 |      71 |   0.0 |  1884
      Depths:3 |       0 |   44313 |   0.0 |       0 |      52 |   0.0 |  1560
      Depths:4 |       0 |  152771 |   0.0 |       0 |     138 |   0.0 |  4201
      Depths:5 |       0 |    5025 |   0.0 |       0 |       6 |   0.0 |    47
         Sewer |       0 |       6 |   0.0 |       0 |       5 |   0.0 |   553
         IceCv |       0 |    3241 |   0.0 |       0 |      11 |   0.0 |   417
               +---------+---------+-------+---------+---------+-------+---------
